[Event "Late-Titled-Tuesday-Blitz-February-13-2024"]
[Site "Chess.com"]
[Date "2024.02.13"]
[Round "9"]
[White "ProfessorChess101"]
[Black "Polish_fighter3000"]
[Result "0-1"]
[WhiteElo "2792"]
[BlackElo "3059"]
[TimeControl "180+1"]
[EndTime "15:45:27 PST"]
[Termination "Polish_fighter3000 won by resignation"]

1. d4 g6 2. e4 Bg7 3. Nc3 b6 4. Be3 Bb7 5. h4 h6 6. Qd2 d6 7. Nf3 Nd7 8. Bd3 a6 9. a4 e6 10.
Ne2 Ngf6 11. Ng3 Ng4 12. h5 g5 13. c3 Nxe3 14. Qxe3 O-O 15. O-O c5 16. Rad1 cxd4 17. cxd4 Rc8 18. Nh2 Qf6 19. Bb1 Rc4 20. b3 Rb4 21.
Ng4 Qf4 22. Qxf4 gxf4 23. Ne2 Nf6 24. Nxf6+ Bxf6 25. Nxf4 Rc8 26. Rd3 Rxd4 27. Rfd1 Rxe4 28. Rg3+ Kf8 29. Bxe4 Bxe4 30. Ne2 d5 31. Rc1 Rc5 32. b4 Rc4 33. Rxc4 dxc4 34. Kf1 Bc6 35. Nc3 Be5 36.
Rg4 b5 37. axb5 axb5 38. Nd1 Bd6 39. Ke2 Bxb4 40. Ne3 Bc5 41. Kd1 Bd6 42. Rd4 Ke7 43.
Kc2 f5 44. Rd1 Bc5 45. g3 Bf3 46. Re1 Be4+ 47. Kc3 Kd6 48. Nc2 Kc6 49. Nb4+ Kd6 50.
Nc2 Bxf2 51. Rd1+ Kc5 52. Nb4 Bxg3 53. Na6+ Kb6 54. Rd6+ Bxd6 0-1

[Event "Late-Titled-Tuesday-Blitz-February-13-2024"]
[Site "Chess.com"]
[Date "2024.02.13"]
[Round "9"]
[White "TigrVShlyape"]
[Black "krzyzan94"]
[Result "1-0"]
[WhiteElo "2878"]
[BlackElo "2779"]
[TimeControl "180+1"]
[EndTime "15:45:27 PST"]
[Termination "TigrVShlyape won on time"]

1. d4 d5 2. Bf4 c5 3. e3 cxd4 4. exd4 Nc6 5. c3 Bf5 6. Nd2 e6 7. Ngf3 f6 8. h4 Bd6 9. Bxd6 Qxd6 10. h5 Nh6 11. Nh4 Bg4 12. Be2 Bxe2 13. Qxe2 O-O-O 14. O-O-O Kb8 15. Kb1 Rhe8 16. Qd3 Ng4 17. Rdf1 f5 18. f3 Nf6 19. g4 fxg4 20. fxg4 Nxg4 21. Qxh7 Nf6 22. Qg6 Rh8 23. Nhf3 Ne7 24. Qxg7 Nxh5 25. Qe5 Ng6 26. Qxd6+ Rxd6 27. Rfg1 Ngf4 28. Ne5 Rf8 29. Rg4 Rdd8 30. a4 Rg8 31. Rhg1 Nf6 32. Rxg8 Rxg8 33.
Rf1 N6h5 34. Nb3 b6 35. Nc1 Rg2 36. Ncd3 Nxd3 37. Rf8+ Kb7 38. Rf7+ Kb8 39. Nxd3 Rg7 40. Rf8+ Kb7 41. Re8 Ng3 42. Rxe6 Ne4 43. Re5 Rg1+ 44. Ka2 Rg2 45. Ka3 Nd2 46. Rxd5 Rg1 47. Ka2 Rg2 48. Ne5 a5 49. Rd7+ Ka6 50. d5 b5 51.
Rd6+ Kb7 52. axb5 Ne4 53. Rc6 Rg3 54. Nc4 a4 55. d6 Rg2 56. Ka3 Rg1 57. Kxa4 1-0

[Event "Late-Titled-Tuesday-Blitz-February-13-2024"]
[Site "Chess.com"]
[Date "2024.02.13"]
[Round "9"]
[White "Walter_White_Poland"]
[Black "ChEsper99"]
[Result "1-0"]
[WhiteElo "2431"]
[BlackElo "2204"]
[TimeControl "180+1"]
[EndTime "15:45:27 PST"]
[Termination "Walter_White_Poland won by resignation"]

1. d4 Nf6 2. Bf4 d5 3. e3 e6 4.
Nf3 Bd6 5. Bg3 O-O 6. Nbd2 c5 7.
c3 Qc7 8. Ne5 Nbd7 9. Ndf3 Ne4 10. Bd3 b6 11. Nxd7 Bxd7 12. Bxd6 Nxd6 13. Ne5 Bb5 14.
Bxb5 Nxb5 15. O-O f6 16. Nf3 Nd6 17. Re1 Ne4 18. Nd2 Nxd2 19. Qxd2 e5 20. Rad1 exd4 21. exd4 c4 22. g3 Rae8 23. Kg2 Kf7 24. Rxe8 Rxe8 25. Re1 Re7 26. Kf3 b5 27. Re3 Re4 28. Rxe4 dxe4+ 29. Kxe4 Qe7+ 30. Kf3 Qb7+ 31. d5 Ke7 32. Qd4 Kd6 33.
Ke4 Qe7+ 34. Kf4 Qb7 35. h4 Qxd5 36. Qxd5+ Kxd5 37. Kf5 Kd6 38. h5 Ke7 39. g4 Kf7 40.
f4 g6+ 41. hxg6+ hxg6+ 42. Ke4 Ke6 43. Kd4 Kd6 44. a4 a6 45. g5 fxg5 46. fxg5 Ke6 47. axb5 axb5 48. Kc5 Kf5 49. Kxb5 Kxg5 50. Kxc4 Kh5 51.
b4 g5 52. b5 g4 53. b6 g3 54. b7 g2 55. b8=Q 1-0

[Event "Late-Titled-Tuesday-Blitz-February-13-2024"]
[Site "Chess.com"]
[Date "2024.02.13"]
[Round "9"]
[White "Eloist"]
[Black "Lion-Al-Messi"]
[Result "1-0"]
[WhiteElo "2463"]
[BlackElo "2556"]
[TimeControl "180+1"]
[EndTime "15:45:29 PST"]
[Termination "Eloist won by resignation"]

1. e4 e6 2. d4 d5 3. Nc3 Nf6 4.
e5 Nfd7 5. f4 c5 6. Nf3 Nc6 7.
Be3 a5 8. Bb5 Qb6 9. O-O cxd4 10.
Nxd4 Bc5 11. Bxc6 bxc6 12. Na4 Qc7 13. Nxc5 Nxc5 14. Nf5 exf5 15. Bxc5 Ba6 16. Re1 O-O-O 17. Qd4 Kb7 18. Re3 Bc4 19. b3 Ba6 20. e6 fxe6 21.
Rxe6 Rhe8 22. Rae1 Rxe6 23. Rxe6 Rd7 24. Kf2 g5 25.
Qe5 Qxe5 26. Rxe5 gxf4 27. Rxf5 d4 28. Rxf4 d3 29. cxd3 Bxd3 30. g4 Bg6 31. Ke2 Rd5 32. Be3 Bb1 33. a3 Bc2 34. b4 a4 35. Rd4 Kc7 36.
Rxd5 cxd5 37. Bd4 Kc6 38. Kd2 Be4 39. h4 Kb5 40. Kc3 Bf3 41. g5 Bh5 42. Be5 Kc6 43. Kd4 Bg6 44. Bf6 Bf5 45. Be7 Bg6 46. Bf8 Bf7 47.
Ke5 Kb5 48. Kf6 d4 49. Bd6 d3 50. Bf4 Bh5 51. Kg7 Bg6 52. Kh6 Kc4 53. h5 Be4 54. g6 hxg6 55. hxg6 Kb3 56. g7 Bd5 57. Kh7 Kxa3 58.
b5 Kb4 59. b6 a3 60. Bd6+ Kb5 61. b7 Bxb7 62. g8=Q d2 63. Qb3+ Kc6 64. Qc3+ Kxd6 65.
Qxd2+ Bd5 66. Qb4+ Ke6 67. Qxa3 Ke5 68. Qc3+ Ke6 69.
Kh6 Be4 70. Kg5 Bd5 71. Kf4 Bc6 72. Qe5+ Kd7 73. Kf5 Kc8 74. Kf6 Bd7 75. Qd6 Kd8 76.
Qb8+ Bc8 77. Qd6+ Bd7 78. Qe7+ Kc8 79. Ke5 Kc7 80. Kd4 Kc6 81. Kc4 Kc7 82. Qe5+ Kc6 83. Qc5+ Kb7 84. Kd5 Bc8 85. Kd6 Kb8 86. Qc7+ Ka8 87.
Qxc8+ Ka7 88. Qc5+ Ka6 89. Qb4 Ka7 90. Kc7 1-0

[Event "Late-Titled-Tuesday-Blitz-February-13-2024"]
[Site "Chess.com"]
[Date "2024.02.13"]
[Round "9"]
[White "Jamal-Jamal-Jamal"]
[Black "ImportedItalianMaple"]
[Result "1-0"]
[WhiteElo "2277"]
[BlackElo "2491"]
[TimeControl "180+1"]
[EndTime "15:45:29 PST"]
[Termination "Jamal-Jamal-Jamal won on time"]

1. d4 g6 2. Nf3 Bg7 3. g3 d6 4.
Bg2 Nd7 5. O-O e5 6. c4 Ne7 7. Nc3 O-O 8. e4 exd4 9. Nxd4 Nc6 10. Nxc6 bxc6 11. Be3 Ne5 12. Qe2 Ba6 13. b3 Nxc4 14. bxc4 Bxc3 15. Rac1 Bg7 16. Rfd1 Qe7 17. Qc2 c5 18.
Rb1 Bc8 19. e5 Bf5 20. exd6 cxd6 21. Qd2 Bxb1 22. Bxa8 Rxa8 23. Rxb1 Qe4 24. Rb3 Bf8 25. Qe2 Re8 26. f3 Qe5 27. Qd2 Qe6 28. Qc2 a5 29.
Kf2 a4 30. Rd3 Bg7 31. Qxa4 Rb8 32. Rd2 h5 33. Qc2 h4 34. Qd3 hxg3+ 35. hxg3 Qh3 36.
Qf1 Qf5 37. Rxd6 Rb2+ 38. Rd2 Rxd2+ 39. Bxd2 Bd4+ 40. Be3 Qc2+ 41. Qe2 Qc3 42. Bxd4 Qxd4+ 43. Kg2 Kg7 44. g4 g5 45. a4 Qa1 46. Qc2 Qd4 47.
a5 Qa1 48. Qd2 f6 49. Qd7+ Kg6 50. Qd3+ Kg7 51. Qd2 Qa4 52. Qd7+ Kg6 53. Qf5+ Kg7 54. Qxc5 Qc2+ 55. Qf2 Qxc4 56. Qa7+ Kg6 57. Qf2 Kg7 58. Qb2 Qa4 59. Qb7+ Kg6 60. Qe4+ Kg7 61. Qxa4 1-0

[Event "Late-Titled-Tuesday-Blitz-February-13-2024"]
[Site "Chess.com"]
[Date "2024.02.13"]
[Round "9"]
[White "noblerone"]
[Black "ansko1999"]
[Result "1-0"]
[WhiteElo "2480"]
[BlackElo "2620"]
[TimeControl "180+1"]
[EndTime "15:45:30 PST"]
[Termination "noblerone won on time"]

1. d4 Nf6 2. Nf3 b6 3. Bg5 Ne4 4. Bh4 Bb7 5. Nbd2 Nxd2 6. Qxd2 g6 7. e3 Bg7 8. Bc4 O-O 9. O-O d6 10. c3 Nd7 11. Ne1 Qe8 12. a4 a6 13. Qc2 e5 14.
Qb3 Kh8 15. Bd5 c6 16. Bc4 d5 17. Be2 b5 18. Bg4 f5 19. Bd1 h6 20. dxe5 Nxe5 21. Bg3 g5 22. Bxe5 Bxe5 23. Nf3 Bf6 24. Qb4 Qe4 25. Qxe4 fxe4 26. Nd4 c5 27. Nb3 Be7 28.
Be2 Bc6 29. axb5 axb5 30. h3 Ra4 31. Rab1 Kg7 32. Rfc1 Kf6 33. Kf1 Ke5 34. Ke1 Rfa8 35. Bd1 Ra2 36. Be2 Be8 37. Rd1 h5 38. Nc1 R2a4 39.
Nb3 Ra2 40. Nc1 R2a7 41. Nb3 Bc6 42. Bxh5 Ra2 43. Nc1 R2a7 44. Be2 Ra5 45. Nb3 Ra2 46. Rdc1 R2a7 47. Ra1 Ra4 48. Bd1 Rxa1 49. Rxa1 Rxa1 50.
Nxa1 d4 51. cxd4+ cxd4 52. exd4+ Kxd4 53. Ke2 b4 54. Nc2+ Ke5 55. Ne3 Bb5+ 56. Kd2 Kd4 57. Be2 Bd7 58. Bg4 Bxg4 59. Nxg4 Bd6 60. Ne3 Bf4 61. g3 1-0

[Event "Late-Titled-Tuesday-Blitz-February-13-2024"]
[Site "Chess.com"]
[Date "2024.02.13"]
[Round "9"]
[White "andrzej"]
[Black "Alblooshi_Hamad"]
[Result "1/2-1/2"]
[WhiteElo "2511"]
[BlackElo "2278"]
[TimeControl "180+1"]
[EndTime "15:45:31 PST"]
[Termination "Game drawn by repetition"]

1. e4 c5 2. Nf3 Nc6 3. d4 cxd4 4.
Nxd4 Nf6 5. Nc3 e5 6. Ndb5 d6 7. Bg5 a6 8. Na3 b5 9. Nd5 Be7 10. Bxf6 Bxf6 11. c4 b4 12. Nc2 Rb8 13. Qf3 Bg5 14.
h4 Bh6 15. g4 Bf4 16. b3 Be6 17. Nxf4 Qf6 18. g5 Qxf4 19. Qxf4 exf4 20. Be2 Ke7 21.
O-O-O Ne5 22. Nd4 Rbc8 23. Kb2 h6 24. Rdg1 hxg5 25. hxg5 g6 26. a3 a5 27. axb4 axb4 28. Ra1 Rxh1 29. Rxh1 Ra8 30. f3 Kd7 31. Rh4 Nc6 32.
Nc2 Ke7 33. Rh1 Kd7 34. Rh7 Ke7 35. Rh4 Kd7 36. Rh2 Ke7 37. Bf1 Rb8 38. Rh1 Ra8 39. Bh3 Rh8 40. Bg2 Ra8 41. Rh2 Rb8 42. Rh4 Ra8 43. Bh3 Rb8 44. Bxe6 Kxe6 45. Rh2 Ke7 46. Rh4 Ne5 47. Nd4 Ra8 48. Rh1 Ra7 49.
Ra1 Nd3+ 50. Kb1 Rxa1+ 51. Kxa1 Ne5 52. Kb2 Kd7 53. Kc2 Kc7 54. Kd2 Kb6 55. Ke2 Kc5 56. Nc2 Nc6 57. Kd3 Ne5+ 58. Ke2 Nc6 59. Kd3 Ne5+ 60.
Ke2 1/2-1/2

[Event "Late-Titled-Tuesday-Blitz-February-13-2024"]
[Site "Chess.com"]
[Date "2024.02.13"]
[Round "9"]
[White "C_K_G"]
[Black "Smiechu"]
[Result "0-1"]
[WhiteElo "2171"]
[BlackElo "2434"]
[TimeControl "180+1"]
[EndTime "15:45:31 PST"]
[Termination "Smiechu won on time"]

1. e4 c5 2. Nf3 g6 3. d4 cxd4 4.
Nxd4 Nc6 5. Nc3 Bg7 6. Be3 Nf6 7. f4 O-O 8. e5 Ne8 9. Bc4 Nc7 10. O-O Nxd4 11.
Qxd4 Ne6 12. Qd2 Qc7 13. Bb3 b6 14. Nd5 Qd8 15. g4 Nc5 16. Rad1 Nxb3 17. axb3 d6 18. exd6 Qxd6 19. f5 Bb7 20. c4 Bxd5 21. Qxd5 Qxd5 22. Rxd5 Bxb2 23. Rd7 Bf6 24. g5 Be5 25. Rxe7 Rfe8 26. Rxe8+ Rxe8 27. f6 Bxf6 28. gxf6 Rxe3 29. Rd1 Re8 30.
Rd7 Ra8 31. Rb7 h6 32. Kf2 g5 33. Ke3 Kh7 34. Rxf7+ Kg6 35. Rb7 Kxf6 36. Ke4 Re8+ 37. Kf3 Re7 38. Rb8 Ke5 39. Rh8 Re6 40. Kg4 Kd4 41. Ra8 a5 42. Rf8 Kc3 43. Rf3+ Kb4 44. Kh5 a4 45. bxa4 Kxa4 46. Rf1 Kb4 47. Rc1 Kc5 48. Rc2 Kd4 49. Rc1 Kd3 50. h3 Rc6 51. h4 gxh4 52. Rd1+ Kxc4 53. Kxh4 b5 54. Kg4 b4 55.
Kf3 Kb3 56. Ke2 Re6+ 0-1

[Event "Late-Titled-Tuesday-Blitz-February-13-2024"]
[Site "Chess.com"]
[Date "2024.02.13"]
[Round "9"]
[White "temus_galaktionov"]
[Black "VladimirKramnik"]
[Result "0-1"]
[WhiteElo "2898"]
[BlackElo "2944"]
[TimeControl "180+1"]
[EndTime "15:45:36 PST"]
[Termination "VladimirKramnik won by resignation"]

1. d4 Nf6 2. Nf3 d5 3. c4 e6 4. Nc3 c6 5. e3 Nbd7 6. Qc2 Bd6 7. b3 O-O 8. Be2 b6 9. O-O Bb7 10. Bb2 Rc8 11. Rfe1 c5 12. dxc5 Nxc5 13. Rad1 Qe7 14.
Qb1 dxc4 15. Bxc4 Nfe4 16. Nb5 Bb8 17. Bf1 Nxf2 18. Kxf2 Be4 19. Qa1 Bxf3 20. Kxf3 Qb7+ 21. Ke2 Qe4 22. Rd4 Qg6 23. h3 Ne4 24. Qb1 Qh5+ 25. g4 Qxb5+ 26. Kf3 Ng5+ 27. Kf2 Qc6 28. Bg2 Qc7 29.
Kf1 Qg3 30. Qd1 f5 31. Ba3 fxg4+ 32. Bxf8 Rxf8+ 33. Ke2 Qxg2+ 34. Kd3 gxh3 35. Rg1 Qf3 36. Qe1 h2 37. Rh1 Qf5+ 38. Kc3 Nf3 39. Qe2 Nxd4 40. exd4 Qf3+ 41. Qxf3 Rxf3+ 42. Kc4 Rf2 43. Kb5 Rg2 44. Re1 Rg1 45. Rxe6 h1=Q 46. Re8+ Kf7 47. Rxb8 Qd5+ 48. Ka6 Ra1 49. a4 Kg6 50. Rb7 Qxb3 51. Kxa7 Rxa4+ 52. Kb8 Qg8+ 53. Kc7 Qf7+ 54. Kb8 Qe8+ 55. Kc7 Qe7+ 0-1

[Event "Late-Titled-Tuesday-Blitz-February-13-2024"]
[Site "Chess.com"]
[Date "2024.02.13"]
[Round "9"]
[White "Defenstrator"]
[Black "pfalcon1949"]
[Result "1-0"]
[WhiteElo "2372"]
[BlackElo "1965"]
[TimeControl "180+1"]
[EndTime "15:45:36 PST"]
[Termination "Defenstrator won by checkmate"]

1. e4 e6 2. d4 d5 3. Nd2 Nc6 4.
Ngf3 Nf6 5. e5 Nd7 6. Nb3 f6 7. exf6 Qxf6 8. Bb5 Bd6 9. c4 Nb4 10. c5 Bf4 11. a3 Nc6 12. Bxc6 bxc6 13. O-O O-O 14. Na5 e5 15. Bxf4 Qxf4 16. Nxc6 e4 17. Ne7+ Kh8 18. Nxd5 Qf5 19. Ne3 Qf6 20. Nd2 Qe7 21.
Nd5 Qd8 22. Nxe4 Bb7 23. Qh5 Nxc5 24. Nxc5 Bxd5 25. Rae1 Qd6 26. Re5 c6 27. Rfe1 Rab8 28. b4 a5 29. bxa5 Rb2 30. Re8 Rxf2 31. Rxf8+ Qxf8 32. Qg4 Rxg2+ 33. Qxg2 Bxg2 34. Kxg2 h6 35. a6 Qd6 36.
Re4 Qg6+ 37. Kf3 Qf5+ 38. Ke3 Qc8 39. a7 Qa8 40. Re7 Kh7 41. Kd3 Kg6 42. Rb7 Kf6 43. a4 g5 44. a5 h5 45. a6 g4 46. Ke3 h4 47. Kf4 g3 48. hxg3 h3 49. Rh7 h2 50.
Rxh2 Qxa7 51. Ke4 Qc7 52. Rh6+ Kg5 53. Ne6+ Kxh6 54. Nxc7 Kg5 55. a7 Kg4 56. a8=Q Kxg3 57. Qxc6 Kf2 58. d5 Ke2 59. d6 Kf2 60. d7 Ke2 61. d8=Q Kf2 62. Kd5 Ke2 63. Kc5 Kf2 64. Qe6 Kg3 65. Qf8 Kh4 66. Qg6 Kh3 67. Qh8# 1-0

[Event "Late-Titled-Tuesday-Blitz-February-13-2024"]
[Site "Chess.com"]
[Date "2024.02.13"]
[Round "9"]
[White "CarlosjPineror"]
[Black "Nf3c5"]
[Result "0-1"]
[WhiteElo "2675"]
[BlackElo "2562"]
[TimeControl "180+1"]
[EndTime "15:45:38 PST"]
[Termination "Nf3c5 won on time"]

1. e4 e5 2. Nf3 Nc6 3. Bb5 Nge7 4. c3 a6 5. Ba4 d5 6. Nxe5 dxe4 7.
Nxc6 Nxc6 8. Qe2 Qd3 9. Qxd3 exd3 10. Bxc6+ bxc6 11. O-O Bc5 12. b3 Bg4 13. Ba3 Bb6 14. Re1+ Be2 15. c4 Bd4 16. Nc3 Bxc3 17. dxc3 O-O-O 18.
f3 d2 19. Rxe2 d1=Q+ 20. Rxd1 Rxd1+ 21. Kf2 Rhd8 22. Kg3 R1d2 23. Re7 R8d7 24. Re8+ Kb7 25. Bc5 Rxa2 26. b4 g5 27. Be3 h6 28. Bd4 c5 29.
bxc5 a5 30. Rh8 a4 31. Rxh6 c6 32. Rh8 Re2 33. h4 gxh4+ 34. Rxh4 a3 35. Rh1 a2 36. f4 Kc8 37. Ra1 Rb7 38. Kf3 Rc2 39. g4 Rb1 40. Rxa2 Rxa2 41. Ke4 Kd7 42. Kf5 Ke8 43. Ke5 Re1+ 44.
Kd6 Re6+ 45. Kc7 Ra7+ 46. Kb8 Rd7 47. f5 Re4 48. g5 Kf8 49. Kc8 Ra7 50. Kb8 Rd7 51.
Kc8 Rde7 52. Bf6 Ra7 53. Kb8 Ra5 54. Bd4 Re7 55. g6 fxg6 56. fxg6 Kg8 0-1

[Event "Late-Titled-Tuesday-Blitz-February-13-2024"]
[Site "Chess.com"]
[Date "2024.02.13"]
[Round "9"]
[White "ChessSkool"]
[Black "Jarrahi2452"]
[Result "1/2-1/2"]
[WhiteElo "2728"]
[BlackElo "2823"]
[TimeControl "180+1"]
[EndTime "15:45:39 PST"]
[Termination "Game drawn - insufficient material"]

1. d4 d5 2. Nf3 Nf6 3. c3 c5 4. dxc5 e6 5. Be3 a5 6. c4 Na6 7.
cxd5 Qxd5 8. Nc3 Qxd1+ 9. Rxd1 Bxc5 10. Bxc5 Nxc5 11. e3 Bd7 12. Ne5 Rd8 13. Nxd7 Ncxd7 14. Be2 O-O 15. Bf3 Nc5 16. Ke2 e5 17. g3 e4 18. Bg2 Rfe8 19. Rxd8 Rxd8 20. Rc1 b6 21. Rc2 Kf8 22. h3 Ke7 23. a3 a4 24. Rd2 Rxd2+ 25. Kxd2 Kd6 26. Bf1 Nd5 27. Bc4 Nxc3 28. Kxc3 f5 29.
Kd4 g5 30. g4 Ke7 31. Ke5 fxg4 32. hxg4 Nd3+ 33. Kxe4 Nxf2+ 34. Kf5 Nd1 35. e4 Ne3+ 36. Kxg5 Nxc4 37. Kh6 Nxb2 38. Kxh7 Kf6 39. Kh6 Nd3 40.
g5+ Kf7 41. g6+ Kg8 42. Kg5 b5 43. Kf6 b4 44. axb4 a3 45. e5 a2 46. e6 a1=Q+ 47.
Ke7 Qg7+ 48. Kd6 Kf8 49. b5 Qxg6 50. b6 Nf4 51. b7 Qxe6+ 52. Kc7 Qe7+ 53. Kc8 Ne6 54.
b8=Q Qc5+ 55. Kd7+ Kf7 56. Qb7 Qe7+ 57. Kc8 Kf6 58.
Qxe7+ Kxe7 1/2-1/2

[Event "Late-Titled-Tuesday-Blitz-February-13-2024"]
[Site "Chess.com"]
[Date "2024.02.13"]
[Round "9"]
[White "VladimirBugayev"]
[Black "ArchibaldCerveza29"]
[Result "1/2-1/2"]
[WhiteElo "2404"]
[BlackElo "2495"]
[TimeControl "180+1"]
[EndTime "15:45:39 PST"]
[Termination "Game drawn - insufficient material"]

1. e4 g6 2. Nc3 Bg7 3. d4 b6 4. h4 Bb7 5. h5 d6 6. h6 Bf6 7. Be3 c5 8. f3 cxd4 9. Bxd4 Nc6 10.
Be3 Bxc3+ 11. bxc3 Rc8 12. Bb5 a6 13. Ba4 b5 14. Bb3 Nf6 15. Ne2 Ne5 16. Bd4 Qc7 17.
a4 O-O 18. axb5 axb5 19. O-O d5 20. f4 Neg4 21. e5 Ne4 22. Qe1 Nxh6 23. Ra7 Ra8 24. Rxa8 Bxa8 25. Qh4 Nf5 26. Qh3 Nxd4 27. cxd4 e6 28.
g4 Kg7 29. f5 h6 30. fxe6 fxe6 31.
Rxf8 Kxf8 32. Qxh6+ Qg7 33. Qh4 g5 34. Qe1 Qf7 35.
Qa5 Qf2+ 36. Kh1 Qf3+ 37. Kg1 Qxg4+ 38. Kf1 Qf3+ 39. Kg1 Qf2+ 40. Kh1 Qxe2 41. Qxa8+ Kg7 42. Qb7+ Kg6 43. Qc8 Nf2+ 44. Kh2 Ng4+ 45. Kg3 Ne3 46. Qxe6+ Kg7 47. Qf6+ Kh7 48. Qf7+ Kh6 49. Qf6+ Kh5 50.
Qf3+ Qxf3+ 51. Kxf3 Nf5 52. Bxd5 Nxd4+ 53. Kg3 Nxc2 54. e6 Ne3 55. e7 Nf5+ 56. Kf3 Nxe7 57. Be6 g4+ 58. Bxg4+ Kg5 59. Bd7 b4 60. Ke3 Kf6 61. Kd4 Ng6 62. Kc4 Ne5+ 63. Kxb4 1/2-1/2

[Event "Late-Titled-Tuesday-Blitz-February-13-2024"]
[Site "Chess.com"]
[Date "2024.02.13"]
[Round "9"]
[White "DeTimmerman"]
[Black "alexrustemov"]
[Result "0-1"]
[WhiteElo "2722"]
[BlackElo "2835"]
[TimeControl "180+1"]
[EndTime "15:45:41 PST"]
[Termination "alexrustemov won by resignation"]

1. b4 e5 2. Bb2 Bxb4 3. Bxe5 Nf6 4. Nc3 O-O 5. Bxf6 Qxf6 6. Nd5 Qd6 7. c4 Ba5 8. e3 c6 9. Nf4 Qe7 10. Be2 Bc7 11.
Nh5 d6 12. Nf3 Nd7 13. O-O g6 14. Ng3 Nf6 15. d4 Bd7 16. Rb1 Rab8 17. Qa4 a6 18.
Qc2 c5 19. Rfd1 Rfe8 20. h3 h5 21. Bd3 Kg7 22. Nh4 d5 23. Bxg6 Bxg3 24. fxg3 Qxe3+ 25. Kh2 Qg5 26. Bf5 Bc6 27. dxc5 Re3 28. Qf2 Rbe8 29. Bd3 Kf8 30. Nf5 R3e5 31. Nd4 Ne4 32. Bxe4 dxe4 33.
Rf1 R8e7 34. Rb6 e3 35. Qe1 e2 36. Rf2 Qe3 37. Nxe2 Qxf2 38. Qxf2 Rxe2 39. Qf1 Rxa2 40. Rxc6 bxc6 41. Qf6 Ree2 42. Qd8+ Kg7 43. Qg5+ Kf8 44. Qd8+ Re8 45. Qd6+ Kg8 46. Qxc6 Ree2 47. Qd5 Kf8 48.
c6 Rxg2+ 49. Qxg2 Rxg2+ 50. Kxg2 Ke7 51. g4 h4 52. Kf3 a5 53. Ke4 Kd6 54. Kd4 Kxc6 55.
c5 a4 56. Kc4 a3 57. Kb3 Kxc5 58. Kxa3 Kd4 59. Kb3 Ke3 60. g5 Kf3 61. g6 fxg6 0-1

[Event "Late-Titled-Tuesday-Blitz-February-13-2024"]
[Site "Chess.com"]
[Date "2024.02.13"]
[Round "9"]
[White "DonJuan_34"]
[Black "sansanathalia"]
[Result "1/2-1/2"]
[WhiteElo "2488"]
[BlackElo "2387"]
[TimeControl "180+1"]
[EndTime "15:45:42 PST"]
[Termination "Game drawn by repetition"]

1. d4 Nf6 2. c4 e6 3. Nc3 d5 4.
Bg5 Be7 5. cxd5 exd5 6. e3 O-O 7. Bd3 h6 8. Bh4 b6 9. Nge2 Bb7 10. O-O Ne4 11. Bxe7 Qxe7 12. Qc2 Nd7 13. Rae1 Ndf6 14. f3 Nxc3 15. Nxc3 c5 16. Qf2 Rfe8 17. Bb5 Red8 18. Bd3 cxd4 19. exd4 Qd7 20. Re5 a6 21. Bf5 Qd6 22.
Rfe1 Re8 23. Qd2 b5 24. Bc2 Bc6 25. R1e3 Qb4 26. Nb1 Qxd2 27. Nxd2 Kf8 28. Nb3 Nd7 29. Rxe8+ Rxe8 30. Kf2 Rxe3 31. Kxe3 Nb6 32. Bd3 Nc4+ 33.
Bxc4 dxc4 34. Nc5 a5 35. b3 c3 36. a3 b4 37. axb4 axb4 38. Nd3 Bd5 39. Nxb4 Bxb3 40. Kd3 Ke7 41. Kxc3 Ba4 42. Kd3 Bb5+ 43. Ke4 Kd6 44. Nd3 Bc6+ 45. Ke3 Bd5 46. h4 Bc4 47. Ne5 Bd5 48.
h5 f6 49. Nd3 Bc4 50. Nf4 Bf1 51. g4 Bc4 52. Nh3 Bb3 53. Ng1 Kd5 54. Ne2 Bc2 55. Nc3+ Kc4 56. Ne2 Kd5 57. Nf4+ Kd6 58. Ng6 Bb3 59.
Nf4 Bc2 60. Nd3 Bb3 61. Nc5 Bc2 62. Ne4+ Kd5 63. Nc3+ Kc4 64. Ne2 Kd5 1/2-1/2

[Event "Late-Titled-Tuesday-Blitz-February-13-2024"]
[Site "Chess.com"]
[Date "2024.02.13"]
[Round "9"]
[White "Hrant_ChessMood"]
[Black "HansOnTwitch"]
[Result "1/2-1/2"]
[WhiteElo "2962"]
[BlackElo "3148"]
[TimeControl "180+1"]
[EndTime "15:45:44 PST"]
[Termination "Game drawn - insufficient material"]

1. Nf3 d5 2. d4 Nf6 3. c4 e6 4. Nc3 Nbd7 5. Qc2 c5 6. cxd5 exd5 7. g3 cxd4 8. Nxd4 Bc5 9. Nb3 O-O 10. Bg2 d4 11.
Ne4 Bb6 12. Bg5 h6 13. Nxf6+ Nxf6 14. Bxf6 Qxf6 15. O-O Re8 16. Nc1 Bg4 17. a4 a5 18. Ra3 Rac8 19. Qd2 Bc5 20. Rd3 b6 21. Qd1 Bf5 22. Rd2 Bb4 23. Rd3 Bxd3 24. Nxd3 Qe6 25. Bf3 Qc4 26. Kg2 Qc2 27. Nxb4 axb4 28. Qxd4 Qxa4 29.
Qxb6 Rb8 30. Qd4 Red8 31. Qe5 Qd7 32. Rc1 Rbc8 33. Ra1 Re8 34. Qf4 Qe7 35. Ra4 Rb8 36. Ra6 b3 37. Rc6 Rec8 38. Rc3 Qf6 39. Qxf6 gxf6 40. Rd3 Rc2 41. Bd5 Rxb2 42. Rc3 Rb1 43. Rc7 b2 44. Bxf7+ Kf8 45. Bg6 Re1 46. Rf7+ Kg8 47.
Rxf6 Rxe2 48. Bf5 Re1 49. Rg6+ Kf7 50. Rxh6 b1=Q 51. Bxb1 Rbxb1 52. h4 Rg1+ 53. Kf3 Rb3+ 54. Ke2 Rg2 55. Kf1 Rgxg3 56. fxg3 Rxg3 57. Kf2 Rb3 58. Rh5 Kg6 59. Rg5+ Kh6 60. Rf5 Rb4 61. Kg3 Rb3+ 62. Kg4 Rb4+ 63. Rf4 Rxf4+ 64. Kxf4 Kh5 65. Ke3 Kxh4 1/2-1/2

[Event "Late-Titled-Tuesday-Blitz-February-13-2024"]
[Site "Chess.com"]
[Date "2024.02.13"]
[Round "9"]
[White "RantomOpening"]
[Black "egnfanclub"]
[Result "0-1"]
[WhiteElo "2511"]
[BlackElo "2371"]
[TimeControl "180+1"]
[EndTime "15:45:48 PST"]
[Termination "egnfanclub won by resignation"]

1. e4 e5 2. Nf3 Nc6 3. c3 Nf6 4. d4 Nxe4 5. Bd3 d5 6. Nxe5 Nxe5 7. dxe5 Nc5 8. Bc2 Ne6 9. O-O Bc5 10. Nd2 O-O 11.
Nf3 a5 12. Qd3 g6 13. Bh6 Re8 14. Rad1 c6 15. c4 dxc4 16. Qxc4 Qb6 17. Nd2 Qb4 18. Qxb4 axb4 19. Ne4 Be7 20. Bb3 Ra5 21. f4 Nc5 22.
Nd6 Bxd6 23. Rxd6 Nxb3 24. axb3 Be6 25. Rfd1 Rd5 26. Bg5 Ra8 27. Bf6 Rxd1+ 28. Rxd1 Bd5 29. Kf2 Ra2 30. Rd2 Kf8 31. Ke3 Ke8 32. Kd4 b6 33. Ke3 Kd7 34. g4 Ke6 35. Rf2 Bxb3 36. f5+ Kd7 37. Rd2+ Bd5 38. Kf4 Ra1 39. Kg5 b3 40.
Rd3 Rc1 41. Rh3 h5 42. gxh5 gxh5 43. Rxh5 Rg1+ 44. Kf4 Rf1+ 45. Ke3 c5 46. Rh7 Kc6 47. h4 Rxf5 48. Rh8 Rf3+ 49. Ke2 Rh3 50. h5 Rh2+ 51.
Ke3 Be6 52. h6 Rxb2 53. h7 Rh2 54. Rb8 Rxh7 55. Bd8 b5 56. Rb6+ Kd5 57. Rxb5 Kc4 58. Rb6 Rh3+ 59. Kd2 Rh2+ 60. Kc1 Kc3 61. Kd1 Rh1+ 62.
Ke2 b2 63. Rb5 c4 64. Ba5+ Kc2 65. Ke3 b1=Q 66. Rxb1 Rxb1 67. Kd4 Rd1+ 68. Kc5 Rd5+ 69. Kb6 Rxe5 0-1

[Event "Late-Titled-Tuesday-Blitz-February-13-2024"]
[Site "Chess.com"]
[Date "2024.02.13"]
[Round "9"]
[White "delqate"]
[Black "aghasiyevkamal"]
[Result "1/2-1/2"]
[WhiteElo "2501"]
[BlackElo "2646"]
[TimeControl "180+1"]
[EndTime "15:45:53 PST"]
[Termination "Game drawn - insufficient material"]

1. e4 e5 2. Nf3 Nc6 3. Bb5 a6 4. Ba4 Nf6 5. d3 b5 6. Bb3 Bc5 7. a4 Rb8 8. axb5 axb5 9. h3 d6 10. O-O h6 11. Be3 O-O 12. Re1 Bxe3 13. Rxe3 Ne7 14.
Nbd2 c5 15. Nf1 Be6 16. Bxe6 fxe6 17. c3 Ng6 18. d4 Qe7 19. Ra6 Rfd8 20. Ng3 Ra8 21.
Rxa8 Rxa8 22. Qb3 Ra1+ 23. Kh2 cxd4 24. cxd4 exd4 25. Nf5 Qd7 26. N5xd4 Nf8 27. Qxb5 Qf7 28. e5 Nd5 29. Re4 dxe5 30. Nc6 Ng6 31. Ncxe5 Nxe5 32. Qb8+ Kh7 33. Qxe5 Ra6 34. Rh4 Qf6 35. Qxf6 gxf6 36. Rc4 Rb6 37. Rc2 e5 38. g3 h5 39.
Kg2 Kg6 40. Rd2 Ne7 41. Ne1 Nf5 42. Nf3 Rb3 43. g4 hxg4 44. hxg4 Ng7 45. g5 e4 46. Nd4 Rd3 47. Rxd3 exd3 48. Kf3 fxg5 49.
Ke3 Kf6 50. Kxd3 Ke5 51. b4 Ne8 52. b5 Kd5 53. b6 Nd6 54. Nf3 Kc5 55. Nxg5 Kxb6 56.
Ne4 Nf5 57. Nf6 Kc6 58. Ke4 Ne7 59. Ke5 Kc5 60. Ne4+ Kc6 61. Ke6 Nd5 62. Nf6 Nf4+ 63. Kf5 Nd3 64. f3 Ne1 65. f4 Nd3 66. Ke4 Nxf4 1/2-1/2